 Dungeon Crawl Stone Soup version 0.28.0 (console) character file.

Game seed: 13489228001047824838

6370 jejorda2 the Slicer (level 10, -6/56 HPs)
             Began as a Vine Stalker Berserker on Feb 11, 2022.
             Was an Elder of Trog.
             Mangled by a komodo dragon (13 damage)
             ... on level 9 of the Dungeon.
             The game lasted 00:21:46 (9265 turns).

jejorda2 the Slicer (Vine Stalker Berserker)        Turns: 9265, Time: 00:21:46

Health: -6/56      AC: 21    Str: 30    XL:     10   Next: 97%
Magic:  0/11       EV:  9    Int:  7    God:    Trog [****..]
Gold:   953        SH:  0    Dex: 13    Spells: 9/9 levels left

rFire   . . .      SeeInvis .   a - +1 dagger (vorpal)
rCold   . . .      Faith    +   (no shield)
rNeg    + . .      Spirit   +   f - +4 chain mail of Okawaru's Whim {rPois Str+5}
rPois   +          Reflect  .   o - +2 helmet
rElec   .          Harm     +   q - +2 cloak
rCorr   +          Rampage  .   (no gloves)
Will    +....                   (no boots)
Stlth   ..........              l - amulet "Plog" {Faith Harm rN+}
HPRegen 0.98/turn               m - ring of resist corrosion
MPRegen 0.12/turn               (no ring)

@: on berserk cooldown, slowed, very slow
A: fangs 3, regeneration 1, magic shield, antimagic bite, no potion heal 2
a: Renounce Religion, Berserk, Trog's Hand, Brothers in Arms


You were on level 9 of the Dungeon.
You worshipped Trog.
Trog was greatly pleased with you.
You visited 1 branch of the dungeon, and saw 9 of its levels.
You also visited: Sewer.

You collected 1406 gold pieces.
You spent 453 gold pieces at shops.

Inventory:

Hand Weapons
 a - a +1 vorpal dagger (weapon)
Missiles
 d - 218 stones
 p - 6 javelins
 r - 6 datura-tipped darts
 x - 2 throwing nets
 y - a curare-tipped dart
 z - 3 poisoned darts (quivered)
Armour
 f - the +4 chain mail of Okawaru's Whim (worn) {rPois Str+5}
   (You bought it in a shop on level 5 of the Dungeon)

   Str:       It affects your strength (+5).
   rPois:     It protects you from poison.
 o - a +2 helmet (worn)
 q - a +2 cloak (worn)
Jewellery
 l - the amulet "Plog" (around neck) {Faith Harm rN+}
   (You found it on level 2 of the Dungeon)

   [amulet of faith]

   It allows you to gain divine favour quickly.
   rN:        It protects you from negative energy.
   Harm:      It increases damage dealt and taken.
 m - a ring of resist corrosion (left hand)
Wands
 g - a wand of flame (12)
 n - a wand of acid (12)
 s - a wand of iceblast (8)
 t - a wand of mindburst (26)
 C - a wand of paralysis (9)
Scrolls
 c - 2 scrolls of summoning
 i - 2 scrolls of fear
 u - 2 scrolls of teleportation
 v - 5 scrolls of magic mapping
 D - 2 scrolls of enchant weapon
Potions
 b - a potion of mutation {unknown}
 e - a potion of ambrosia {unknown}
 h - a potion of haste
 j - a potion of attraction
 k - 2 potions of curing
 w - 2 potions of flight
 A - a potion of magic
 B - 2 potions of might


   Skills:
 + Level 8.3 Fighting
 - Level 10.0 Short Blades
 + Level 7.3 Armour
 - Level 1.5 Dodging
 + Level 3.1 Evocations


You had 9 spell levels left.
You didn't know any spells.
Your spell library was empty.

Dungeon Overview and Level Annotations

Branches:
Dungeon (9/15)             Temple (0/1) D:7            Lair (0/6) D:9
  Sewer (visited)
    Orc: D:9-12

Altars:
Dithmenos
Gozag
Hepliaklqana
Kikubaaqudgha
Okawaru
Ru
Uskayaw
Wu Jian
Zin

Shops:
D:5 [   D:6 [

Annotations:
D:3 2 transporters, Kazon's ghost, amateur DsGl


Innate Abilities, Weirdness & Mutations

You have razor-sharp teeth.
Your natural rate of healing is unusually fast.
When hurt, damage is shared between your health and your magic reserves.
Your bite disrupts and absorbs the magic of your enemies.
Potions cannot restore your health.


Message History

Your bite misses the komodo dragon.
The komodo dragon is moderately wounded.
The komodo dragon closely misses you.
You hit the komodo dragon but do no damage.
Your bite misses the komodo dragon.
The komodo dragon is moderately wounded.
You hit the komodo dragon. Your bite misses the komodo dragon.
The komodo dragon is heavily wounded.
The komodo dragon bites you but does no damage.
You hit the komodo dragon but do no damage.
The komodo dragon is heavily wounded.
The komodo dragon bites you!
You hit the komodo dragon but do no damage.
You bite the komodo dragon, but do no damage.
The komodo dragon is heavily wounded.
The komodo dragon closely misses you.
You hit the komodo dragon but do no damage.
You bite the komodo dragon. You drain its power.
You feel invigorated.
The komodo dragon is heavily wounded.
You barely miss the komodo dragon. You bite the komodo dragon!
You drain its power.
The komodo dragon is severely wounded.
The komodo dragon bites you!!
You hit the komodo dragon.
The komodo dragon is severely wounded.
The komodo dragon bites you but does no damage.
You hit the komodo dragon but do no damage.
The komodo dragon is severely wounded.
The komodo dragon bites you!!
* * * LOW HITPOINT WARNING * * *
You barely miss the komodo dragon.
The komodo dragon is severely wounded.
You hit the komodo dragon.
You bite the komodo dragon, but do no damage.
The komodo dragon is almost dead.
The komodo dragon bites you but does no damage.
You hit the komodo dragon.
The komodo dragon is almost dead.
The komodo dragon bites you!
You die...

....########
##############...##PPPPP## ##
.........#.......#.PPPPPP# #.
.........#.......#..P...P# #.
.........#.........PP.>.P# #.
.........#.........PP..PP# #.
.........#..........P...P# #.
.........#......@l.......# #.
.....##<.########........#######.
............... ##......P#.#.....
............... #.....PP#.#.....
............... ##....P##.#.....
............... ##...###.#.....
##....##############..###..#..###
.#.....#.......#.................
.#.....#.......#.................


You could see a komodo dragon.

Vanquished Creatures
  Gastronok (D:8)
  A boulder beetle (D:8)
  A two-headed ogre (D:9)
  Maggie (D:8)
  A hornet (D:8)
  9 yaks
  A wyvern (D:8)
  A steam dragon (D:9)
  2 orc warriors (D:8)
  Pargi (Sewer)
  A necrophage (D:4)
  An ogre (D:7)
  A phantom (D:4)
  A centaur (D:8)
  A kobold brigand (D:7)
  2 bullfrogs
  A gnoll sergeant (D:6)
  5 scorpions
  A howler monkey (D:7)
  2 centaur zombies
  A hound (D:5)
  A jelly (D:7)
  3 orc priests
  Crazy Yiuf (D:2)
  Ijyb (D:3)
  2 bullfrog skeletons
  A centaur skeleton (D:7)
  5 iguanas
  4 orc wizards
  A killer bee zombie (D:7)
  A hound skeleton (D:4)
  A howler monkey zombie (D:4)
  10 gnolls
  5 adders
  3 shadow imps
  An ufetubus (D:6)
  2 adder skeletons
  2 dart slugs
  15 orcs
  9 bats
  6 endoplasms
  3 giant cockroaches
  4 goblins
  11 hobgoblins
  12 jackals
  2 quokkas
  5 ball pythons
  5 frilled lizards
  12 kobolds
  8 rats
172 creatures vanquished.

Vanquished Creatures (collateral kills)
  An orc (D:5)
1 creature vanquished.

Vanquished Creatures (others)
  15 plants (D:9)
15 creatures vanquished.

Grand Total: 188 creatures vanquished

Notes
Turn   | Place    | Note
-------+----------+-------------------------------------------
     0 | D:1      | jejorda2 the Vine Stalker Berserker began the quest for the
                  | Orb.
     0 | D:1      | Reached XP level 1. HP: 11/11 MP: 2/2
   663 | D:1      | Reached XP level 2. HP: 16/16 MP: 3/3
   711 | D:1      | Reached skill level 3 in Short Blades
  1888 | D:1      | Reached XP level 3. HP: 18/20 MP: 4/4
  2215 | D:2      | Found a sacrificial altar of Ru.
  2400 | D:2      | Reached ** piety under Trog
  2904 | D:2      | Identified the amulet "Plog" {Faith Harm rN+}
  3085 | D:2      | Found a faded altar of an unknown god.
  3120 | D:2      | Gained mutation: Your natural rate of healing is unusually
                  | fast. [Vine Stalker growth]
  3120 | D:2      | Reached XP level 4. HP: 24/24 MP: 5/5
  3467 | D:2      | Found a runed translucent door.
  3468 | D:2      | Noticed Crazy Yiuf
  3475 | D:2      | Killed Crazy Yiuf
  3598 | D:3      | Noticed Kazon's ghost (amateur DsGl)
  3598 | D:3      | Found a transporter.
  3598 | D:3      | Found a transporter.
  3600 | D:3      | Identified the +9 dire flail of Yesterday {protect, MP-9
                  | Str+3 Int+6}
  3600 | D:3      | Noticed an ogre
  3606 | D:3      | Reached skill level 4 in Short Blades
  3606 | D:3      | Reached XP level 5. HP: 28/28 MP: 6/6
  3612 | D:3      | Noticed an ogre
  3965 | D:3      | Noticed Ijyb
  3974 | D:3      | Killed Ijyb
  4217 | D:3      | Reached *** piety under Trog
  4474 | D:4      | Reached XP level 6. HP: 29/33 MP: 5/7
  4521 | D:4      | Reached skill level 5 in Short Blades
  4731 | D:4      | Reached XP level 7. HP: 11/37 MP: 2/8
  4945 | D:4      | Found a hide-covered altar of Uskayaw.
  5493 | D:5      | Entered Level 5 of the Dungeon
  5571 | D:5      | Reached skill level 6 in Short Blades
  5622 | D:5      | Identified the +0 robe of Dice, Bag, and Bottle {Slay+2}
  5627 | D:5      | Found Xybides's Antique Armour Boutique.
  5680 | D:5      | Found a glowing drain.
  5685 | Sewer    | Entered a sewer
  5727 | Sewer    | Noticed Pargi
  5734 | Sewer    | Killed Pargi
  5735 | Sewer    | Gained mutation: You have razor-sharp teeth. [Vine Stalker
                  | growth]
  5735 | Sewer    | Reached XP level 8. HP: 42/42 MP: 9/9
  5826 | D:5      | Bought a jewelled chain mail for 266 gold pieces
  5826 | D:5      | Identified the +4 chain mail of Okawaru's Whim {rPois
                  | Str+5} (You bought it in a shop on level 5 of the Dungeon)
  6019 | D:5      | Reached **** piety under Trog
  6051 | D:5      | Reached skill level 5 in Fighting
  6100 | D:5      | Found a shadowy altar of Dithmenos.
  6598 | D:5      | Identified a scroll of acquirement
  6598 | D:5      | Acquired 720 gold pieces
  6699 | D:6      | Noticed a yak
  6700 | D:6      | Noticed a yak
  6700 | D:6      | Noticed a yak
  6703 | D:6      | Noticed a yak
  6710 | D:6      | Killed a yak
  6711 | D:6      | Reached skill level 7 in Short Blades
  6713 | D:6      | Killed a yak
  6720 | D:6      | Killed a yak
  6723 | D:6      | Killed a yak
  6724 | D:6      | Reached XP level 9. HP: 30/48 MP: 10/10
  6890 | D:6      | Found Faigg's Antique Armour Emporium.
  6897 | D:6      | Bought a runed cloak for 187 gold pieces
  6950 | D:6      | Reached skill level 8 in Short Blades
  6950 | D:6      | Reached skill level 5 in Armour
  7682 | D:7      | Found a staircase to the Ecumenical Temple.
  7711 | D:7      | Found an opulent altar of Gozag.
  8253 | D:8      | Noticed a boulder beetle
  8269 | D:8      | Killed a boulder beetle
  8270 | D:8      | Reached skill level 9 in Short Blades
  8437 | D:8      | Noticed a hornet
  8456 | D:8      | Killed a hornet
  8457 | D:8      | Reached XP level 10. HP: 39/53 MP: 9/11
  8659 | D:8      | Noticed Maggie
  8665 | D:8      | Killed Maggie
  8806 | D:8      | Reached skill level 10 in Short Blades
  8834 | D:8      | Noticed Gastronok
  8847 | D:8      | Killed Gastronok
  8909 | D:8      | Found a hazy altar of Hepliaklqana.
  8952 | D:8      | Found a glowing silver altar of Zin.
  9009 | D:9      | Found an iron altar of Okawaru.
  9018 | D:9      | Noticed a two-headed ogre
  9026 | D:9      | Killed a two-headed ogre
  9130 | D:9      | Found an ancient bone altar of Kikubaaqudgha.
  9177 | D:9      | Found an ornate altar of the Wu Jian Council.
  9235 | D:9      | Found a staircase to the Lair.
  9265 | D:9      | Mangled by a komodo dragon

Illustrated notes

Levels and vault maps discovered:
D:1:      kilobyte_arrival_exit_the_forest, layout_basic, serial_corexii_hall,
          corexii_hall_statues_u, corexii_hall_statues_i,
          corexii_hall_statues_t, corexii_hall_statues_x,
          corexii_hall_statues_x, corexii_hall_statues_i
D:2:      layout_basic, basic_ecumenical_altar, basic_altar,
          uniq_crazy_yiuf_cottage
D:3:      layout_basic, gammafunk_ghost_smash, uniq_ijyb
D:4:      layout_loops_corners, amcnicky_altar_gilded
D:5:      layout_basic, grunt_dithmenos_smoke, portal_sewer_entry_e,
          serial_shops, shop
D:6:      layout_basic, serial_shops, nicolae_shop_trees
D:7:      layout_gridville, grunt_gozag_statues, minmay_temple_entry_waves
D:8:      layout_basic, nzn_hepliaklqana_mist_gate, zin_scriptorium,
          minmay_puff, uniq_gastronok, uniq_maggie
D:9:      layout_grid_maze, overflow_temple_1_default,
          nicolae_overflow_hidden_temple, general_overflow_altar,
          mainiacjoe_overflow_cross_hatched, david_lair_shrubbed

Skill      XL: |  1  2  3  4  5  6  7  8  9 10 |
---------------+-------------------------------+-----
Short Blades   | 3 4 5 6 7 9 10 | 10.0
Fighting       | 3 4 5 6 8 |  8.3
Armour         | 2 3 4 6 7 |  7.3
Evocations     | 3 |  3.1
Dodging        | |  1.5

Action                   |  1- 3 |  4- 6 |  7- 9 | 10-12 || total
-------------------------+-------+-------+-------+-------++-------
Melee: Dagger            |   162 |   145 |   330 |    88 ||   725
       Short sword       |     3 |       |       |       ||     3
       Bite              |    30 |    34 |    89 |    36 ||   189
       Punch             |     1 |     2 |     3 |       ||     6
Throw: Stone             |     1 |       |    19 |       ||    20
       Dart              |       |       |     2 |       ||     2
Invok: Berserk           |     1 |     5 |     5 |     4 ||    15
       Trog's Hand       |       |     1 |       |     1 ||     2
       Brothers in Arms  |       |       |     1 |       ||     1
  Use: Scroll            |       |       |    22 |       ||    22
 Stab: Sleeping          |     3 |       |       |       ||     3
Armor: Animal skin       |     7 |       |       |       ||     7
       Leather armour    |    15 |       |       |       ||    15
       Ring mail         |     1 |    43 |     4 |       ||    48
       Plate armour      |       |       |    65 |       ||    65
       Chain mail        |       |       |    86 |    22 ||   108
Dodge: Dodged            |    86 |    56 |    99 |    20 ||   261
